 Dungeon Crawl Stone Soup version 0.30.0-5-g1a98f26d00 (webtiles) character file.

Game seed: 11024074523517763242

213156 Strat the Impassioned (level 18, -5/90 (95) HPs)
             Began as a Vine Stalker Fire Elementalist on May 10, 2023.
             Was an Elder of Uskayaw.
             Killed from afar by a jorogumo (21 damage)
             ... with a bolt of negative energy
             ... on level 4 of the Spider Nest.
             The game lasted 01:41:46 (33233 turns).

Strat the Impassioned (VSFE)                       Turns: 33233, Time: 01:41:48

HP:   -5/90 (95)    AC: 14    Str: 21 (22) XL:     18   Next: 95%
MP:   0/31          EV: 14    Int: 16      God:    Uskayaw [****..]
Gold: 1751          SH:  0    Dex: 32      Spells: 15/21 levels left

rFire   + + +        b - +2 short sword (drain)
rCold   + . .        h - +0 kite shield {reflect}
rNeg    . . .        s - +4 robe of Augmentation {Str+4 Int+4 Dex+4}
rPois   +            j - +2 helmet
rElec   +            u - scarf of Disaster {shadows, rElec rF+++ Str+3 Int-3}
rCorr   .            E - +2 pair of gloves
SInv    .            g - +2 pair of boots
Will    +++..        I - amulet of the acrobat
Stlth   +++++++      z - ring of protection from fire
HPRegen 1.15/turn    n - ring "Mikhloasa" {rC+ Will+ Str+3 Dex+6}
MPRegen 0.22/turn

%: reflection, acrobat, guardian spirit
@: held, slowed, studying 2 skills, drained, very slow
A: fangs 3, regeneration 1, magic shield, antimagic bite, no potion heal 2,
deformed body, poison resistance, sturdy frame 1
}: 1/15 runes: barnacled
a: Renounce Religion, Stomp, Line Pass


You were on level 4 of the Spider Nest.
You worshipped Uskayaw.
Uskayaw was most pleased with you.
You visited 6 branches of the dungeon, and saw 31 of its levels.
You also visited: Ossuary, Gauntlet and Ice Cave.

You collected 3695 gold pieces.
You spent 1944 gold pieces at shops.

Inventory:

Hand Weapons
 a - a +2 short sword of flaming
 b - a +2 short sword of draining (weapon)
 R - a +4 rapier
Missiles
 x - 8 throwing nets
 D - 8 curare-tipped darts
 L - 16 silver javelins
 P - 10 datura-tipped darts
 X - 12 javelins
Armour
 e - a +0 kite shield
 g - a +2 pair of boots (worn)
 h - a +0 kite shield of reflection (worn)
 j - a +2 helmet (worn)
 s - the +4 robe of Augmentation (worn) {Str+4 Int+4 Dex+4}
   (You found it on level 5 of the Dungeon)

   Str:       It affects your strength (+4).
   Int:       It affects your intelligence (+4).
   Dex:       It affects your dexterity (+4).
 u - the scarf of Disaster (worn) {shadows, rElec rF+++ Str+3 Int-3}
   (You found it on level 4 of the Shoals)

   Str:       It affects your strength (+3).
   Int:       It affects your intelligence (-3).
   rF:        It renders you almost immune to fire.
   rElec:     It insulates you from electricity.
 E - a +2 pair of gloves (worn)
 U - a +2 cloak of poison resistance
Jewellery
 n - the ring "Mikhloasa" (right hand) {rC+ Will+ Str+3 Dex+6}
   (You bought it in a shop on level 11 of the Dungeon)

   [ring of dexterity]

   Str:       It affects your strength (+3).
   Dex:       It affects your dexterity (+6).
   rC:        It protects you from cold.
   Will:      It increases your willpower.
 z - a ring of protection from fire (left hand)
 A - a ring of protection from cold
 F - a ring of positive energy
 G - a ring of wizardry
 I - an amulet of the acrobat (around neck)
 K - an amulet of reflection
Wands
 p - a wand of iceblast (13)
 B - a wand of charming (30)
 H - a wand of polymorph (33)
 O - a wand of mindburst (4)
 Q - a wand of digging (8)
 S - a wand of flame (11)
Scrolls
 d - 20 scrolls of teleportation
 i - 2 scrolls of poison
 k - 6 scrolls of enchant weapon
 r - 2 scrolls of silence
 J - 2 scrolls of fog
 T - 2 scrolls of butterflies
 Y - 4 scrolls of magic mapping
 Z - 5 scrolls of enchant armour
Potions
 c - 7 potions of mutation
 f - 2 potions of berserk rage
 l - 15 potions of curing
 m - 5 potions of might
 o - 3 potions of haste
 q - 2 potions of flight
 t - 15 potions of ambrosia
 v - a potion of cancellation
 w - 6 potions of lignification
 y - 4 potions of magic
 C - 5 potions of brilliance
 N - 4 potions of resistance
 V - 5 potions of attraction
Miscellaneous
 W - a phantom mirror


   Skills:
 + Level 10.8 Fighting
 - Level 10.0 Short Blades
 + Level 3.9 Throwing
 + Level 14.3 Dodging
 - Level 15.0 Stealth
 - Level 14.1 Shields
 - Level 2.1 Spellcasting
 - Level 1.0 Conjurations
 - Level 4.0 Translocations
 - Level 3.0 Fire Magic
 + Level 16.7 Invocations
 - Level 10.0 Evocations


You had 15 spell levels left.
You knew the following spells:

 Your Spells              Type           Power      Damage    Failure   Level
a - Foxfire               Conj/Fire      32%        2x1d5     14%         1
b - Scorch                Fire           22%        2d6       14%         2
c - Apportation           Tloc           28%        N/A       6%          1
d - Blink                 Tloc           28%        N/A       10%         2

Your spell library contained the following spells:

 Spells                   Type           Power      Damage    Failure   Level
 Lesser Beckoning         Tloc           28%        N/A       10%         2
 Momentum Strike          Conj/Tloc      18%        3d8       17%         2
 Volatile Blastmotes      Fire/Tloc      24%        2d12      22%         3
 Shock                    Conj/Air       12%        1d3       26%         1
 Necrotise                Necr           4%         1d4       32%         1
 Sandblast                Erth           2%         2d4       32%         1
 Sting                    Tmut/Pois      4%         1d3       32%         1
 Summon Small Mammal      Summ           4%         N/A       32%         1
 Static Discharge         Conj/Air       6%         2-3/arc   36%         2
 Vhi's Electric Charge    Tloc/Air       16%        N/A       38%         3
 Poisonous Vapours        Pois/Air       2%         N/A       43%         2
 Sublimation of Blood     Necr           1%         N/A       43%         2
 Wereblood                Tmut           1%         N/A       43%         2
 Inner Flame              Hex/Fire       6%         N/A       45%         3
 Manifold Assault         Tloc           14%        N/A       52%         4
 Passage of Golubria      Tloc           14%        N/A       52%         4
 Dazzling Flash           Conj/Hex       6%         N/A       61%         3
 Hailstorm                Conj/Ice       3%         3d3       61%         3
 Frozen Ramparts          Ice            2%         1d1       67%         3
 Ozocubu's Armour         Ice            1%         N/A       67%         3
 Iskenderun's Mystic Bla  Conj/Tloc      9%         2d4       75%         4
 Flame Wave               Conj/Fire      8%         2d5       80%         4
 Sticky Flame             Conj/Fire      8%         2d3       80%         4
 Fulminant Prism          Conj/Hex       1%         3d5       95%         4
 Airstrike                Air            0%         2d(1-17)  97%         4
 Anguish                  Hex/Necr       0%         N/A       97%         4
 Animate Dead             Necr           1%         N/A       97%         4
 Cause Fear               Hex            0%         N/A       97%         4
 Ice Form                 Ice/Tmut       1%         N/A       97%         4
 Leda's Liquefaction      Hex/Erth       0%         N/A       97%         4
 Olgreb's Toxic Radiance  Pois           1%         N/A       97%         4
 Petrify                  Tmut/Erth      1%         N/A       97%         4
 Summon Ice Beast         Ice/Summ       1%         N/A       97%         4
 Summon Lightning Spire   Summ/Air       1%         N/A       97%         4
 Alistair's Intoxication  Tmut/Pois      0%         N/A       100%        5
 Arcjolt                  Conj/Air       1%         1d11      100%        5
 Blade Hands              Tmut           0%         N/A       100%        5
 Irradiate                Conj/Tmut      1%         3d12      100%        5
 Lee's Rapid Deconstruct  Erth           0%         3d4*      100%        5
 Metabolic Englaciation   Hex/Ice        0%         N/A       100%        5
 Silence                  Hex/Air        0%         N/A       100%        5
 Plasma Beam              Fire/Air       3%         2x1d14    100%        6
 Simulacrum               Ice/Necr       0%         N/A       100%        6
 Starburst                Conj/Fire      4%         6d3       100%        6
 Statue Form              Tmut/Erth      0%         N/A       100%        6
 Dragon Form              Tmut           0%         N/A       100%        7
 Enfeeble                 Hex            0%         N/A       100%        7
 Haunt                    Necr/Summ      0%         N/A       100%        7
 Spellforged Servitor     Conj/Summ      1%         N/A       100%        7
 Storm Form               Tmut/Air       0%         N/A       100%        7
 Summon Hydra             Summ           0%         N/A       100%        7
 Infestation              Necr           0%         N/A       100%        8
 Lehudib's Crystal Spear  Conj/Erth      1%         10d2      100%        8
 Fire Storm               Conj/Fire      4%         8d1       100%        9


Dungeon Overview and Level Annotations

Branches:
Dungeon (15/15)            Temple (1/1) D:5            Lair (5/5) D:11
 Shoals (4/4) Lair:2       Spider (4/4) Lair:3        Slime (0/5) Lair:4
    Orc (2/2) D:10            Elf (0/3) Orc:2        Vaults (0/5) D:13
 Depths (0/4) D:15        Ossuary (visited)           IceCv (visited)
Gauntlet (visited)

Altars:
Ashenzari
Cheibriados
Dithmenos
Elyvilon
Fedhas
Gozag
Hepliaklqana
Kikubaaqudgha
Makhleb
Nemelex Xobeh
Okawaru
Qazlal
Ru
Sif Muna
Trog
Uskayaw
Vehumet
Wu Jian
Xom
Yredelemnul
Zin
The Shining One
Jiyva
Lugonu

Shops:
D:6 [   D:7 (*   D:9 **[:   D:11 =(?   D:15 *   Orc:2 ([*:   Shoals:1 :
Shoals:3 *   Shoals:4 *[

Annotations:
D:7 2 transporters
D:14 1 runed translucent door, Cown's ghost, journeyman TrHu
D:15 Azrael
Lair:2 3 runed translucent doors, Ciovowug's ghost, journeyman DrTm


Innate Abilities, Weirdness & Mutations

You have razor-sharp teeth.
Your natural rate of healing is unusually fast.
When hurt, damage is shared between your health and your magic reserves.
Your bite disrupts and absorbs the magic of your enemies.
Potions cannot restore your health.
Armour fits poorly on your strangely shaped body.
Your system is resistant to poisons. (rPois)
Your movements are slightly less encumbered by armour. (ER -2)


Message History

The redback misses you. The torpor snail bites you!
* * * LOW HITPOINT WARNING * * *
The jorogumo hits you!!
* * * LOW HITPOINT WARNING * * *
The tarantella touches you.
* * * LOW HITPOINT WARNING * * *
You are confused.
Your system rejects the healing.
You feel better. The redback completely misses you. The tarantella touches you.
* * * LOW HITPOINT WARNING * * *
You are confused.
The jorogumo barely misses you. The redback misses you.
The torpor snail closely misses you. The tarantella barely misses you.
The jorogumo hits you but does no damage.
Uskayaw links your audience in an emotional bond!
Your system rejects the healing.
You feel better.
The human is no longer moving slowly.
The redback bites you but does no damage.
The tarantella touches you.
* * * LOW HITPOINT WARNING * * *
A tarantella comes into view.
The redback closely misses you. The jorogumo hits you!
* * * LOW HITPOINT WARNING * * *
The tarantella touches you but does no damage.
The torpor snail bites you but does no damage.
A culicivora comes into view.
As you read the scroll of fear, it crumbles to dust.
You assume a fearsome visage.
The orb spider looks frightened!
The torpor snail looks frightened!
The human looks frightened!
The jorogumo resists with some effort.
The tarantella looks frightened!
The redback looks frightened!
The sun moth looks frightened!
The culicivora looks frightened!
The culicivora's many legs skitter faintly.
The tarantella resists with some effort.
The jorogumo hits you.
* * * LOW HITPOINT WARNING * * *
The jorogumo casts a spell at you. The bolt of negative energy hits you!!
You feel drained.
You die...

##.### #...## ^^#
#....####....# ....
#......^#....##....
##.................
#.....†<....^.....
#...#..††..#.^....
##......p....#....
##............^..
##.†.#@..s#$....
#.[.†.H.......^
#.†w...........
##..#syss†.....
#.....#...#...
......#........
##...........^.
#/............
.....#...^....


You could see a jorogumo (pain bonded), a sun moth (fleeing, pain bonded), a
torpor snail (fleeing, pain bonded), an orb spider (fleeing, drained, pain
bonded), a human (fleeing), 2 tarantellas and a redback (fleeing, pain bonded).

Vanquished Creatures
  Rupert (D:15)
  Kirke (Spider:3)
  Donald (Spider:3)
  Roxanne (Spider:2)
  Ilsuiw (Shoals:3)
  2 ghost moths
  Louise (Shoals:3)
  2 emperor scorpions (Spider:2)
  Aizul (Shoals:2)
  A stone giant (Orc:2)
  2 broodmothers (Spider:2)
  2 spark wasps (Spider:3)
  An ettin (Orc:2)
  A minotaur (Gauntlet)
  12 merfolk impalers
  8 merfolk javelineers
  An entropy weaver (Spider:3)
  Fannar (Orc:1)
  Harold (Lair:1)
  A rakshasa (D:13)
  9 hydras
  2 merfolk avatars
  2 catoblepae
  2 merfolk aquamancers (Shoals:4)
  2 centaur warriors
  A jorogumo (Spider:2)
  3 ogre magi
  3 radroaches
  8 vault guards (D:13)
  An alligator snapping turtle (Shoals:2)
  6 boulder beetles
  14 two-headed ogres
  8 death yaks
  A tengu warrior (D:12)
  An alligator (Lair:5)
  A deep troll shaman (Lair:5)
  3 satyrs
  A vampire mage (D:14)
  6 sun demons (Shoals:3)
  A fire crab (Lair:4)
  Sonja (Lair:5)
  6 skysharks
  4 sun moths
  6 sea snakes
  7 skeletal warriors
  9 pharaoh ants
  A glowing orange brain (Gauntlet)
  10 orb spiders
  2 deep trolls (Orc:2)
  19 harpies
  11 steelbarb worms
  4 deep elf pyromancers
  2 wizards
  10 wolf spiders
  3 orc knights
  11 cyclopes
  2 orc sorcerers
  A frost giant zombie (D:15)
  12 ugly things
  7 manticores
  3 black mambas
  3 moths of wrath
  10 elephants
  17 fauns
  Joseph (D:7)
  3 water nymphs
  12 merfolk sirens
  3 gargoyles
  6 demonic crawlers
  3 torpor snails
  15 cane toads
  4 rime drakes
  2 unseen horrors
  10 komodo dragons
  An efreet (D:15)
  2 tengu conjurers
  A queen bee (Lair:4)
  11 trolls
  3 polar bears
  33 merfolk
  9 wind drakes
  3 hornets
  12 meliai
  13 tarantellas
  11 blink frogs
  A spriggan zombie (D:15)
  15 dream sheep
  8 snapping turtles
  A spectral black mamba (Gauntlet)
  2 centaur simulacra (D:14)
  11 culicivoras
  24 jumping spiders
  37 yaks
  16 slime creatures
  3 shadows
  6 hogs
  A vampire (D:10)
  11 water elementals
  A wraith (D:12)
  7 basilisks
  4 wyverns
  A steam dragon (D:9)
  31 redbacks
  A vampire mosquito (D:10)
  2 acid dragons
  2 wargs
  Edmund (D:5)
  2 hell hounds (D:15)
  15 water moccasins
  2 black bears
  14 orc warriors
  2 sky beasts
  8 wolves
  22 ogres
  6 centaurs
  4 kobold brigands
  2 scorpions
  5 bullfrogs
  A gnoll sergeant (D:6)
  7 wights
  37 killer bees
  A vampire bat (D:10)
  4 howler monkeys
  2 hounds
  3 jellies
  13 orc priests
  A gnoll bouda (D:7)
  4 iguanas
  14 orc wizards
  9 mummies
  7 adders
  8 gnolls
  3 shadow imps
  14 white imps
  An ufetubus (D:7)
  3 worms
  3 dart slugs
  54 orcs
  10 bats
  8 endoplasms
  4 giant cockroaches
  A gnoll zombie (Ossuary)
  5 goblins
  9 hobgoblins
  3 jackals (D:1)
  8 ball pythons
  10 frilled lizards
  A goblin zombie (D:7)
  3 hobgoblin zombies
  26 kobolds
  8 orc zombies
  A quokka zombie (D:7)
  5 rats
995 creatures vanquished.

Vanquished Creatures (others)
  A titan zombie (D:15)
  A harpy (Shoals:2)
  A necromancer (D:15)
  A spriggan zombie (D:15)
  90 foxfires
94 creatures vanquished.

Grand Total: 1089 creatures vanquished

Notes
Turn   | Place    | Note
-------+----------+-------------------------------------------
     0 | D:1      | Strat the Vine Stalker Fire Elementalist began the quest
                  | for the Orb.
     0 | D:1      | Reached XP level 1. HP: 9/9 MP: 4/4
    41 | D:1      | Found a faded altar of an unknown god.
   293 | D:1      | Reached XP level 2. HP: 13/13 MP: 6/6
   316 | D:1      | Learned a level 2 spell: Scorch
   362 | D:1      | Reached skill level 1 in Short Blades
   699 | D:1      | Reached XP level 3. HP: 16/16 MP: 7/7
  1138 | D:2      | Gained mutation: Your natural rate of healing is unusually
                  | fast. [Vine Stalker growth]
  1138 | D:2      | Reached XP level 4. HP: 21/21 MP: 3/8
  2043 | D:3      | Reached XP level 5. HP: 24/24 MP: 6/9
  2795 | D:4      | Found a radiant altar of Vehumet.
  2822 | D:4      | Found an ornate altar of the Wu Jian Council.
  2824 | D:4      | Found a bloodstained altar of Trog.
  2826 | D:4      | Found a sacrificial altar of Ru.
  2826 | D:4      | Found a shadowy altar of Dithmenos.
  2830 | D:4      | Noticed a sky beast
  2852 | D:4      | Reached XP level 6. HP: 28/28 MP: 10/10
  3192 | D:4      | Reached skill level 5 in Short Blades
  3264 | D:4      | Noticed a black bear
  3583 | D:4      | Killed a sky beast
  3584 | D:4      | Reached XP level 7. HP: 25/32 MP: 8/11
  3954 | D:5      | Entered Level 5 of the Dungeon
  4173 | D:5      | Found a staircase to the Ecumenical Temple.
  4182 | D:5      | Found the +4 robe of Augmentation {Str+4 Int+4 Dex+4}
  4214 | Temple   | Entered the Ecumenical Temple
  4639 | Temple   | Became a worshipper of Uskayaw the Reveller
  4687 | D:5      | Reached * piety under Uskayaw
  4689 | D:5      | Reached skill level 5 in Stealth
  4735 | D:5      | Reached ** piety under Uskayaw
  4791 | D:5      | Reached *** piety under Uskayaw
  4926 | D:5      | Reached skill level 1 in Invocations
  4926 | D:5      | Gained mutation: You have razor-sharp teeth. [Vine Stalker
                  | growth]
  4926 | D:5      | Reached XP level 8. HP: 35/36 MP: 9/12
  5065 | D:5      | Noticed Edmund
  5074 | D:5      | Killed Edmund
  5101 | D:5      | Reached skill level 2 in Invocations
  5619 | D:6      | Found a shimmering blue altar of Sif Muna.
  5814 | D:6      | Found Rulepp's Antique Armour Shop.
  5889 | D:6      | Reached skill level 3 in Invocations
  6092 | D:6      | Bought a pair of runed gloves for 247 gold pieces
  6227 | D:7      | Reached XP level 9. HP: 39/39 MP: 13/13
  6354 | D:7      | Found Gozag's Platinum Reserve.
  6355 | D:7      | Found an opulent altar of Gozag.
  6448 | D:7      | Noticed Joseph
  6549 | D:7      | Found Eqopymn's Antique Weapon Boutique.
  6798 | D:7      | Found a sand-covered staircase.
  6823 | Ossuary  | Entered an ossuary
  6871 | Ossuary  | Reached **** piety under Uskayaw
  6882 | Ossuary  | Reached ***** piety under Uskayaw
  7104 | D:7      | Found a snail-covered altar of Cheibriados.
  7225 | D:7      | Found the +7 lajatang of Order {silver, rMut}
  7390 | D:7      | Found a transporter.
  7392 | D:7      | Noticed a red ugly thing
  7393 | D:7      | Found a transporter.
  7393 | D:7      | Noticed a red ugly thing
  7394 | D:7      | Found a corrupted altar of Lugonu.
  7487 | D:7      | Killed Joseph
  7488 | D:7      | Reached skill level 4 in Invocations
  8355 | D:8      | Reached skill level 5 in Invocations
  8596 | D:9      | Reached XP level 10. HP: 44/44 MP: 13/15
  8603 | D:9      | Reached skill level 10 in Short Blades
  8716 | D:9      | Found Iluseevi's Assorted Antiques.
  8728 | D:9      | Bought a scroll labelled QOMUMA DEUBB for 28 gold pieces
  8806 | D:9      | Found a broken altar of Ashenzari.
  8849 | D:9      | Found Adaimpai's Armour Shop.
  8895 | D:9      | Reached skill level 6 in Invocations
  8933 | D:9      | Reached skill level 10 in Stealth
  9006 | D:9      | Reached skill level 7 in Invocations
  9086 | D:9      | Found Voeredeg's Assorted Antiques.
  9109 | D:9      | Found Oxzocov's Book Emporium.
  9287 | D:10     | Entered Level 10 of the Dungeon
  9365 | D:10     | Noticed a two-headed ogre
  9487 | D:10     | Reached skill level 1 in Fighting
  9590 | D:10     | Noticed a two-headed ogre
  9592 | D:10     | Killed a two-headed ogre
  9595 | D:10     | Noticed a gargoyle
  9692 | D:10     | Reached skill level 8 in Invocations
  9841 | D:10     | Noticed a two-headed ogre
  9846 | D:10     | Killed a two-headed ogre
  9847 | D:10     | Reached XP level 11. HP: 52/52 MP: 18/18
  9855 | D:10     | Found a staircase to the Orcish Mines.
  9929 | D:10     | Found a shimmering altar of Xom.
  9930 | D:10     | Found a shimmering altar of Xom.
  9930 | D:10     | Found a shimmering altar of Xom.
  9930 | D:10     | Found a shimmering altar of Xom.
  9931 | D:10     | Found a shimmering altar of Xom.
  9932 | D:10     | Found a shimmering altar of Xom.
 10047 | D:10     | Noticed a deep elf pyromancer
 10082 | D:10     | Killed a deep elf pyromancer
 10148 | D:10     | Noticed a two-headed ogre
 10314 | D:10     | Killed a two-headed ogre
 10315 | D:10     | Reached skill level 9 in Invocations
 10380 | D:10     | Noticed a deep elf pyromancer
 10380 | D:10     | Noticed a brown ugly thing
 10399 | D:10     | Noticed a centaur warrior
 10417 | D:10     | Killed a centaur warrior
 10427 | D:10     | Noticed a four-headed hydra
 10440 | D:10     | Killed a four-headed hydra
 10441 | D:10     | Reached skill level 5 in Fighting
 10441 | D:10     | Reached skill level 5 in Dodging
 10452 | D:10     | Killed a brown ugly thing
 10493 | D:10     | Killed a deep elf pyromancer
 10505 | D:10     | Noticed a wizard
 10519 | D:10     | Killed a wizard
 10520 | D:10     | Noticed a catoblepas
 10540 | D:10     | Noticed an ogre mage
 10624 | D:10     | Killed an ogre mage
 10670 | D:10     | Killed a catoblepas
 10671 | D:10     | Reached skill level 10 in Invocations
 10671 | D:10     | Reached XP level 12. HP: 61/61 MP: 20/20
 10860 | D:11     | Found Kyh Fani's Jewellery Boutique.
 10866 | D:11     | Found a gate leading to a gauntlet.
 10885 | D:11     | Bought the ring "Mikhloasa" {rC+ Will+ Str+3 Dex+6} for 866
                  | gold pieces
 10906 | Gauntlet | Entered a Gauntlet
 10906 | Gauntlet | Found a transporter.
 10906 | Gauntlet | Found a transporter.
 10906 | Gauntlet | Found a transporter.
 10917 | Gauntlet | Found a transporter.
 10918 | Gauntlet | Found a transporter.
 10923 | Gauntlet | Noticed a death scarab
 10927 | Gauntlet | Identified the +2 pair of boots "Dojiahio" {Will- Str+4}
 10935 | Gauntlet | Found a transporter.
 10939 | Gauntlet | Found a transporter.
 10960 | Gauntlet | Found a transporter.
 11034 | Gauntlet | Identified the staff of earth "Coh Leod" {*Corrode rN+
                  | Stlth+}
 11051 | Gauntlet | Noticed a blizzard demon
 11090 | Gauntlet | Identified a scroll of acquirement
 11090 | Gauntlet | Acquired a manual of Evocations
 11092 | Gauntlet | Found a transporter.
 11100 | Gauntlet | Identified the staff of conjuration "Ereal" {rPois rC+}
 11100 | Gauntlet | Noticed a minotaur
 11120 | Gauntlet | Killed a minotaur
 11195 | D:11     | Found a staircase to the Lair.
 11350 | D:11     | Noticed a two-headed ogre
 11371 | D:11     | Killed a two-headed ogre
 11443 | D:11     | Noticed a boulder beetle
 11463 | D:11     | Killed a boulder beetle
 11541 | D:11     | Identified the +7 trident of Qobamn {protect, rPois Dex+3
                  | Stlth-}
 11625 | D:11     | Noticed a two-headed ogre
 11632 | D:11     | Killed a two-headed ogre
 11633 | D:11     | Reached skill level 11 in Invocations
 11633 | D:11     | Reached skill level 5 in Evocations
 11680 | D:11     | Found Qyppi's Weapon Boutique.
 11686 | D:11     | Bought 2 curare-tipped darts for 38 gold pieces
 12083 | D:11     | Found Juty's Magic Scroll Boutique.
 12086 | D:11     | Bought a scroll of teleportation for 39 gold pieces
 12369 | Lair:1   | Entered Level 1 of the Lair of Beasts
 12453 | Lair:1   | Noticed Harold
 12968 | Lair:1   | Learned a level 1 spell: Apportation
 12997 | Lair:1   | Killed Harold
 13139 | Lair:1   | Noticed a death yak
 13139 | Lair:1   | Noticed a death yak
 13139 | Lair:1   | Noticed a death yak
 13174 | Lair:1   | Killed a death yak
 13193 | Lair:1   | Killed a death yak
 13193 | Lair:1   | Reached ****** piety under Uskayaw
 13195 | Lair:1   | Killed a death yak
 13196 | Lair:1   | Reached XP level 13. HP: 66/66 MP: 22/22
 13258 | Lair:1   | Reached skill level 10 in Evocations
 13680 | Lair:2   | Found a staircase to the Shoals.
 13929 | Lair:2   | Found an ornate altar of the Wu Jian Council.
 13934 | Lair:2   | Found a hide-covered altar of Uskayaw.
 13948 | Lair:2   | Found a frozen archway.
 14040 | IceCv    | Entered an ice cave
 14253 | Lair:2   | Found a runed translucent gate.
 14253 | Lair:2   | Found a runed translucent gate.
 14253 | Lair:2   | Found a runed translucent gate.
 14270 | Lair:2   | Noticed Ciovowug's ghost (journeyman DrTm)
 14365 | Lair:2   | Found an ancient bone altar of Kikubaaqudgha.
 14998 | Lair:3   | Found a hole to the Spider Nest.
 16098 | Lair:4   | Reached skill level 12 in Invocations
 16112 | Lair:4   | Found a staircase to the Slime Pits.
 16113 | Lair:4   | Found a viscous altar of Jiyva.
 16466 | Lair:4   | Reached XP level 14. HP: 74/74 MP: 24/24
 17015 | Lair:5   | Entered Level 5 of the Lair of Beasts
 17569 | Lair:5   | Noticed Sonja
 17591 | Lair:5   | Killed Sonja
 17699 | Lair:5   | Reached skill level 13 in Invocations
 18006 | Lair:5   | Got the Compilation of Battle Magic and Conflagration
 18011 | Lair:5   | Identified the +0 scale mail of Vutowk {Rampage}
 18464 | D:10     | Reached XP level 15. HP: 80/80 MP: 26/26
 18472 | Orc:1    | Entered Level 1 of the Orcish Mines
 18745 | Orc:2    | Entered Level 2 of the Orcish Mines
 18829 | Orc:2    | Reached skill level 10 in Fighting
 19038 | Orc:2    | Found a staircase to the Elven Halls.
 19084 | Orc:2    | Found Meatho Cepy's General Store.
 19084 | Orc:2    | Found Qaosm's Weapon Emporium.
 19262 | Orc:2    | Reached skill level 14 in Invocations
 19276 | Orc:2    | Reached skill level 10 in Dodging
 19342 | Orc:2    | Reached skill level 15 in Stealth
 19355 | Orc:2    | Found Ekkaanut's Book Emporium.
 19356 | Orc:2    | Found Heryttuk's Antique Armour Shoppe.
 19358 | Orc:2    | Bought 3 scrolls of teleportation for 126 gold pieces
 19815 | Orc:1    | Noticed Fannar
 19838 | Orc:1    | Killed Fannar
 20491 | D:12     | Identified the +0 scale mail of Untruth {rN+}
 20663 | D:12     | Reached skill level 15 in Invocations
 21171 | D:13     | Found a gate to the Vaults.
 21658 | D:13     | Reached skill level 1 in Shields
 21976 | D:14     | Reached XP level 16. HP: 85/85 MP: 28/28
 22072 | D:14     | Found a runed translucent door.
 22075 | D:14     | Noticed Cown's ghost (journeyman TrHu)
 22536 | D:15     | Entered Level 15 of the Dungeon
 22625 | D:15     | Found a staircase to the Depths.
 22827 | D:15     | Noticed Azrael
 22883 | D:15     | Noticed Rupert
 22955 | D:15     | Acquired a manual of Dodging
 22988 | D:15     | Reached skill level 5 in Shields
 22996 | D:15     | Identified the +0 ring mail "Udakur" {Fly rF+ Str-3 SInv}
 23149 | D:15     | Killed Rupert
 23859 | D:15     | Found Dinaubuw's Assorted Antiques.
 23898 | D:15     | Reached skill level 16 in Invocations
 24817 | Spider:1 | Entered Level 1 of the Spider Nest
 25942 | Shoals:1 | Entered Level 1 of the Shoals
 25942 | Shoals:1 | Found Aliroc's Self-Improvement Boutique.
 26534 | Shoals:1 | Reached skill level 10 in Shields
 26869 | Shoals:1 | Reached XP level 17. HP: 88/89 MP: 30/30
 28176 | Shoals:3 | Noticed Louise
 28335 | Shoals:3 | Noticed Aizul
 28335 | Shoals:3 | Found Mirim's Assorted Antiques.
 28367 | Shoals:2 | Killed Aizul
 28910 | Shoals:3 | Noticed Ilsuiw
 28917 | Shoals:3 | Killed Ilsuiw
 29111 | Shoals:4 | Entered Level 4 of the Shoals
 29111 | Shoals:4 | Found a basalt altar of Yredelemnul.
 29178 | Shoals:4 | Found Turambar's Dragon-Slaying Spoils.
 29230 | Shoals:4 | Bought quicksilver dragon scales for 600 gold pieces
 29333 | Shoals:4 | Found Qilor's Overcharged Wands.
 29480 | Shoals:4 | Identified the +9 morningstar of the Teaching Hero {heavy,
                  | Str-5 Int+3 Dex+2}
 29733 | Shoals:3 | Killed Louise
 29894 | Shoals:4 | Reached skill level 1 in Throwing
 30063 | Shoals:4 | Identified the scarf of Disaster {shadows, rElec rF+++
                  | Str+3 Int-3}
 30265 | Shoals:4 | Found an ancient bone altar of Kikubaaqudgha.
 30289 | Shoals:4 | Reached XP level 18. HP: 94/94 MP: 31/31
 30508 | Shoals:4 | Identified the ring "Ajeppu" {rF- AC+4 Int+4 Dex+2 Stlth+}
 30530 | Shoals:4 | Got a barnacled rune of Zot
 30618 | Shoals:4 | Identified the +0 morningstar of Plog {drain, Str+2 SInv
                  | Stlth+}
 30910 | Spider:2 | Identified Roxanne's Guidebook on Geology
 30910 | Spider:2 | Noticed Roxanne
 31017 | Spider:2 | Killed Roxanne
 31031 | Spider:2 | Learned a level 2 spell: Blink
 31093 | Spider:2 | Reached skill level 1 in Translocations
 32100 | Spider:3 | Noticed Donald
 32505 | Spider:3 | Killed Donald
 32767 | Spider:3 | Gained mutation: Armour fits poorly on your strangely
                  | shaped body. [mutagenic glow]
 32814 | Spider:3 | Lost mutation: Armour fits poorly on your strangely shaped
                  | body. [potion of mutation]
 32814 | Spider:3 | Gained mutation: Your movements are slightly less
                  | encumbered by armour. (ER -2) [potion of mutation]
 32814 | Spider:3 | Gained mutation: Armour fits poorly on your strangely
                  | shaped body. [potion of mutation]
 32814 | Spider:3 | Gained mutation: Your system is resistant to poisons.
                  | (rPois) [potion of mutation]
 33012 | Spider:4 | Entered Level 4 of the Spider Nest
 33132 | Spider:4 | Noticed Kirke
 33167 | Spider:3 | Killed Kirke
 33233 | Spider:4 | Killed from afar by a jorogumo

Illustrated notes

Levels and vault maps discovered:
D:1:      dpeg_arrival_refuge, layout_basic, ebering_ecumenical_altar_hall,
          dreamdust_wishing_well, minmay_pentomino_s2
D:2:      layout_basic, minivault_24, nrook_loot_triangle,
          minmay_fractal_squares_5
D:3:      layout_basic, minmay_goblin_kobold_house
D:4:      layout_cave_pools, grunt_temple_overflow_open,
          chequers_serial_rivers_large_b, minmay_misc_feat_room,
          lexackson_kobold_supper
D:5:      layout_basic, minmay_temple_entry_mini_moons, uniq_edmund
D:6:      layout_basic, lemuel_tele_altar, serial_shops, nicolae_diamond_shop
D:7:      gammafunk_corrupted_shrine, layout_cave_pods,
          nicolae_gozag_zags_fifth_avenue, amcnicky_altar_gilded,
          enter_ossuary_4, serial_shops, shop, moated_statue,
          minmay_mini_ossuary, uniq_joseph
D:8:      layout_loops_ring, minmay_hedge_maze
D:9:      layout_roguey, mainiacjoe_overflow_small_starburst, serial_shops,
          shop_coins, nicolae_shop_tiny_waterfront, nicolae_shop_rolling_square,
          nicolae_shop_trees
D:10:     minmay_the_grid_square_5x5_3x3
          [minmay_the_grid_square_5x5_three_small,
          minmay_the_grid_square_5x5_trominoes,
          minmay_the_grid_square_5x5_intrusive_squares,
          minmay_the_grid_square_5x5_three,
          minmay_the_grid_square_5x5_megaprize_diamond,
          minmay_the_grid_square_5x5_pentomino_r,
          minmay_the_grid_square_5x5_lines, minmay_the_grid_square_5x5_inner_v,
          minmay_the_grid_square_5x5_shuriken], layout_rooms, xom_shifter_show,
          kennysheep_cross_room, roderic_batcave
D:11:     minmay_goldmine, layout_loops_ring, dpeg_oklobed_lair, serial_shops,
          shop, nicolae_shop_rolled_up, shop_coins, gauntlet_entry_generic,
          minivault_10
D:12:     minmay_stepped, layout_long_grid
D:13:     nicolae_BIG_FREAKIN_CUBE, layout_irregular_city, erik_vaults_2
D:14:     layout_cave_pools, minmay_staircase_bubble, gammafunk_ghost_grave,
          serial_glass, glass_columns_b, glass_columns_a, glass_columns_b,
          glass_columns_c
D:15:     gammafunk_depths_entry_grave, layout_irregular_city, serial_shops,
          nicolae_shop_tiny_real_fake_doors, uniq_rupert, uniq_azrael
Temple:   minmay_temple_forest_path
Lair:1:   layout_layer_cave, st_stairs_7, nicolae_lair_grove_arrangements,
          uniq_harold
Lair:2:   layout_cave_pods, minmay_shoals_entry_lonely_mermaid,
          portal_ice_cave_entry_imps, basic_altar, gammafunk_ghost_necromancy,
          nzn_masters_of_martial_movement
Lair:3:   layout_cave_pods, nicolae_spider_entry_lesser_pyramids
Lair:4:   layout_roguey [special_room_bee], nicolae_slime_entry_slimehenge
Lair:5:   grunt_lair_end_beastmaster, layout_cave_pods,
          minmay_stone_trees_small, uniq_sonja
Shoals:1: layout_shoals, nicolae_shop_self_help
Shoals:2: layout_shoals, nicolae_shoals_water_elemental_grotto
Shoals:3: layout_shoals, nicolae_shoals_cliffside_cave, nicolae_stop_n_shop_2,
          nicolae_shoals_bring_sunscreen, uniq_ilsuiw, uniq_louise, uniq_aizul
Shoals:4: shoals_end_simple, layout_shoals, hangedman_feature_mirror,
          nicolae_shop_dragon_depot, nicolae_shop_overcharged_wands
Spider:1: layout_spider_delve
Spider:2: layout_spider_delve, hellmonk_narrow_tunnel, uniq_roxanne
Spider:3: layout_spider_delve, uniq_donald
Spider:4: hellmonk_spider_rune_endless_swarm,
          nicolae_spider_some_kinda_spiderbox, uniq_arachne, uniq_kirke
Orc:1:    layout_caves, uniq_fannar
Orc:2:    st_orc_open, layout_diamond_mine, abandoned_shop

Skill      XL: |  1  2  3  4  5  6  7  8  9 10 11 12 13 14 15 16 17 18 |
---------------+-------------------------------------------------------+-----
Stealth        | 3 4 6 7 9 10 12 13 15 | 15.0
Short Blades   | 1 2 3 4 6 8 9 10 | 10.0
Invocations    | 1 3 5 8 10 11 12 13 15 16 | 16.7
Fighting       | 3 6 8 9 10 | 10.8
Dodging        | 3 6 8 9 10 14 | 14.3
Evocations     | 9 10 | 10.0
Shields        | 3 10 14 | 14.1
Throwing       | 2 3 |  3.9
Translocations | 4 |  4.0
Spellcasting   | |  2.1
Conjurations   | |  1.0
Fire Magic     | |  3.0

Action                     |  1- 3 |  4- 6 |  7- 9 | 10-12 | 13-15 | 16-18 || total
---------------------------+-------+-------+-------+-------+-------+-------++-------
  Melee: Short sword       |    77 |   155 |   307 |   538 |  1326 |  2363 ||  4766
         Bite              |    26 |    43 |   121 |   207 |   613 |  1198 ||  2208
         Unarmed           |     1 |       |       |       |       |       ||     1
         Punch             |     1 |     2 |     7 |     2 |       |       ||    12
   Cast: Foxfire           |    16 |    35 |       |       |       |       ||    51
         Scorch            |     2 |     5 |     1 |       |       |       ||     8
  Evoke: Wand              |       |       |     1 |     1 |     2 |    25 ||    29
    Use: Scroll            |       |       |    14 |    11 |    11 |    16 ||    52
         Potion            |       |       |     2 |     6 |     2 |    15 ||    25
   Stab: Sleeping          |     5 |     3 |    13 |    11 |    32 |    48 ||   112
         Paralysed         |       |       |    14 |    24 |    93 |   119 ||   250
         Distracted        |       |       |       |     2 |     8 |     4 ||    14
         Petrifying        |       |       |       |       |     2 |       ||     2
         Petrified         |       |       |       |       |     1 |       ||     1
         Invisible         |       |       |       |       |       |     5 ||     5
         Held in net/web   |       |       |       |       |       |     2 ||     2
 Armour: Robe              |    15 |    63 |    71 |    94 |   186 |   308 ||   737
  Dodge: Dodged            |    43 |    83 |   134 |   175 |   595 |  1152 ||  2182
  Block: Other             |       |       |     4 |    18 |       |       ||    22
         Buckler           |       |       |       |    83 |   440 |   201 ||   724
         Reflection        |       |       |       |     1 |     8 |    53 ||    62
         Kite shield       |       |       |       |       |       |  1605 ||  1605
